 Dungeon Crawl Stone Soup version 0.26-a0-651-gb41185065b (webtiles) character file.

Game seed: 8857116436983826354

9 looop the Skirmisher (level 2, 15/24 HPs)
             Began as a Demonspawn Fighter on Sept 29, 2020.
             Quit the game on level 1 of the Dungeon.
             The game lasted 00:00:46 (421 turns).

looop the Skirmisher (Demonspawn Fighter)            Turns: 421, Time: 00:00:47

Health: 15/24      AC:  6    Str: 16    XL:     2   Next: 3%
Magic:  2/2        EV:  6    Int:  9    God:
Gold:   21         SH:  8    Dex: 12    Spells: 1/1 levels left

rFire    . . .     SeeInvis .     - Unarmed
rCold    . . .     Faith    .   b - +0 kite shield
rNeg     . . .     Spirit   .   a - +0 scale mail
rPois    .         Reflect  .   (no helmet)
rElec    .         Harm     .   g - scarf {shadows}
rCorr    .         Rampage  .   (no gloves)
MR       .....                  (no boots)
Stlth    ..........             (no amulet)
HPRegen  0.08/turn              (no ring)
MPRegen  0.08/turn              (no ring)

@: no status effects
A: demonic guardian 1
a: no special abilities


You were on level 1 of the Dungeon.
You visited 1 branch of the dungeon, and saw 1 of its levels.

You collected 21 gold pieces.

Inventory:

Armour
 a - a +0 scale mail (worn)
 b - a +0 kite shield (worn)
 g - a scarf of shadows (worn)
Jewellery
 k - a +4 ring of evasion {unknown}
Scrolls
 h - a scroll of identify {unknown}
 i - 3 scrolls of fear {unknown}
Potions
 c - a potion of might
 d - 2 potions of berserk rage {unknown}
 e - 2 potions of heal wounds {unknown}
 f - 2 potions of curing {unknown}
 j - 3 potions of brilliance {unknown}


   Skills:
 + Level 3.2 Fighting
 - Level 2.6 Armour
 - Level 2.6 Shields
 * Level 2.3 Unarmed Combat


You had one spell level left.
You didn't know any spells.
Your spell library was empty.

Dungeon Overview and Level Annotations

Branches:
Dungeon (1/15)

Altars:


Innate Abilities, Weirdness & Mutations

A weak demonic guardian rushes to your aid.


Message History

You hit the bat.
You kill the bat!
A hobgoblin comes into view.
You hit the hobgoblin but do no damage. The hobgoblin barely misses you.
You completely miss the hobgoblin.
The hobgoblin hits you but does no damage.
You barely miss the hobgoblin.
The hobgoblin hits you but does no damage.
You hit the hobgoblin.
The hobgoblin is heavily wounded.
The hobgoblin hits you but does no damage.
You barely miss the hobgoblin.
The hobgoblin is heavily wounded.
The hobgoblin barely misses you.
You hit the hobgoblin.
You kill the hobgoblin!
You have reached level 2!
Your demonic ancestry asserts itself...
You feel the presence of a demonic guardian.
Are you sure you want to abandon this character and quit the game? (Confirm with "yes".)

<....#...............##.###
.....#..........#....##.#
≈≈≈≈≈#..........#.#####.#
.≈≈≈≈#............###)..#
≈≈≈≈≈#.(.......#.....)###
≈≈≈≈≈#.............#....#
≈≈≈≈##..#..##..#..
##.#$#### ........#..#
#..####..#....#
........#..# #.@.......##.#
........#..#####...>....# #
.######.................#
.# ###..#####........#
.########..# #........#
###........## #........# #
#.........# #..####.##
#.......#.# ... .#
###.......#.#


There were no monsters in sight!

Vanquished Creatures
  A goblin (D:1)
  2 hobgoblins (D:1)
  A kobold (D:1)
  2 bats (D:1)
  3 rats (D:1)
9 creatures vanquished.

Notes
Turn   | Place    | Note
-------+----------+-------------------------------------------
     0 | D:1      | looop the Demonspawn Fighter began the quest for the Orb.
     0 | D:1      | Reached XP level 1. HP: 18/18 MP: 1/1
   420 | D:1      | Gained mutation: A weak demonic guardian rushes to your
                  | aid. [demonic ancestry]
   420 | D:1      | Reached XP level 2. HP: 15/24 MP: 2/2
   421 | D:1      | Quit the game

Illustrated notes

Levels and vault maps discovered:
D:1:      dpeg_arrival_pond, layout_rooms

Skill      XL: |  1 |
---------------+----+-----
Unarmed Combat | 2 |  2.3
Fighting       | |  3.2
Armour         | |  2.6
Shields        | |  2.6

Action                   || total
-------------------------++-------
Melee: Unarmed           ||    47
Armor: Scale mail        ||    23
Dodge: Dodged            ||    16
Block: Kite shield       ||    13

Table legend: (Time is in decaauts)
 A = Elapsed time spent in this place.
 B = Non-inter-level travel time spent in this place.
 C = Inter-level travel time spent in this place.
 D = Time resting spent in this place.
 E = Time spent auto-exploring this place.
 F = Levels seen in this place.
 G = Mean time per level.
                   A        B        C        D        E       F      G
               +--------+--------+--------+--------+--------+-----+--------+
         Total |    423 |    407 |     16 |      0 |    310 |   1 |  423.0 |
       Dungeon |    423 |    407 |     16 |      0 |    310 |   1 |  423.0 |
               +--------+--------+--------+--------+--------+-----+--------+

Top non-repeatable levels by time:
     D:1: 423 daAuts
